 Dungeon Crawl Stone Soup version 0.30-a0-55-g90e3122c3a (webtiles) character file.

Game seed: 17381909872560751178

101 LnG the Chopper (level 4, -6/40 HPs)
             Began as a Hill Orc Fighter on Sept 9, 2022.
             Killed from afar by Robin (7 damage)
             ... with a puff of flame
             ... on level 2 of the Dungeon.
             The game lasted 00:02:54 (1740 turns).

LnG the Chopper (Hill Orc Fighter)                  Turns: 1740, Time: 00:02:55

Health: -6/40      AC:  7    Str: 20    XL:     4   Next: 75%
Magic:  4/4        EV:  9    Int:  8    God:
Gold:   82         SH:  4    Dex: 10    Spells: 3/3 levels left

rFire   . . .      SeeInvis +    a - +0 war axe
rCold   . . .      Faith    .    c - +0 buckler
rNeg    . . .      Spirit   .    b - +0 scale mail
rPois   .          Reflect  .    (no helmet)
rElec   .          Harm     .    (no cloak)
rCorr   .          Rampage  .    (no gloves)
Will    .....                    (no boots)
Stlth   ..........               (no amulet)
HPRegen 0.13/turn                k - ring of see invisible
MPRegen 0.09/turn                l - ring of flight

@: flying
A: no striking features
a: no special abilities


You were on level 2 of the Dungeon.
You visited 1 branch of the dungeon, and saw 2 of its levels.

You collected 82 gold pieces.

Inventory:

Hand Weapons
 a - a +0 war axe (weapon)
Armour
 b - a +0 scale mail (worn)
 c - a +0 buckler (worn)
Jewellery
 i - a ring of wizardry
 k - a ring of see invisible (left hand)
 l - a ring of flight (right hand)
Scrolls
 e - a scroll of vulnerability {unknown}
 g - 2 scrolls of teleportation {unknown}
 h - a scroll of immolation {unknown}
 m - a scroll of fear {unknown}
 n - a scroll of identify {unknown}
Potions
 d - a potion of might
 f - 3 potions of heal wounds {unknown}
 j - a potion of degeneration {unknown}
 o - a potion of brilliance {unknown}


   Skills:
 + Level 4.2 Fighting
 + Level 4.6 Axes
 + Level 4.0 Armour
 + Level 0.2 Dodging
 + Level 0.1 Stealth
 + Level 3.6 Shields


You had 3 spell levels left.
You didn't know any spells.
Your spell library contained the following spells:

 Spells                   Type           Power      Damage    Failure   Level
 Confusing Touch          Hex            0%         N/A       99%         3
 Dazzling Flash           Conj/Hex       0%         N/A       99%         3
 Corpse Rot               Necr/Pois/Air  0%         N/A       100%        4
 Dispel Undead            Necr           0%         3d6       100%        4
 Agony                    Necr           0%         N/A       100%        5
 Silence                  Hex/Air        0%         N/A       100%        5
 Yara's Violent Unravell  Hex/Tmut       0%         3d3       100%        5
 Death Channel            Necr           0%         N/A       100%        6
 Enfeeble                 Hex            0%         N/A       100%        7


Dungeon Overview and Level Annotations

Branches:
Dungeon (2/15)

Altars:
Sif Muna

Annotations:
D:2 Robin


Message History

* * * LOW HITPOINT WARNING * * *
The hobgoblin hits you but does no damage.
You are too injured to fight recklessly!
You hit Robin but do no damage. You barely miss the goblin.
You closely miss the hobgoblin. The goblin hits you with a +0 club.
* * * LOW HITPOINT WARNING * * *
The hobgoblin hits you.
* * * LOW HITPOINT WARNING * * *
Robin throws the goblin at you!
You hit Robin but do no damage. You barely miss the goblin.
You closely miss the hobgoblin.
The goblin no longer looks unusually strong.
The goblin hits you but does no damage.
The hobgoblin hits you but does no damage.
Robin barely misses you.
The hobgoblin hits you but does no damage.
The goblin closely misses you. Robin hits you but does no damage.
You hit Robin but do no damage. You completely miss the goblin.
You hit the hobgoblin.
You kill the hobgoblin!
The goblin closely misses you. Robin hits you with a +0 dagger.
* * * LOW HITPOINT WARNING * * *
You barely miss Robin. You closely miss the goblin.
The goblin hits you with a +0 club.
* * * LOW HITPOINT WARNING * * *
Robin zaps a wand.
The puff of flame misses you.
The puff of flame hits the goblin!
The goblin dies!
You closely miss Robin. You block Robin's attack.
Robin hits you but does no damage.
You hit Robin but do no damage. Robin barely misses you.
You barely miss Robin.
Robin says, "A pitiful Hill Orc like you will never find the ORB!"
You block Robin's attack.
You hit Robin.
Robin is moderately wounded.
Robin hits you with a +0 dagger.
* * * LOW HITPOINT WARNING * * *
Robin zaps a wand.
The puff of flame hits you!
You die...

## #. #. ). # #.
... #.# ###..#g###
##### ......)@)#
...># ##...#)#)#
###.# #.. #.#.#
#.###########.#)#
##..........<..#.#
#......###...#...#
#......# #...#.###
#......# ##.##.#
##......# #....#


You could see Robin.

Vanquished Creatures
  4 gnolls
  A worm (D:1)
  A dart slug (D:2)
  A bat (D:1)
  2 endoplasms (D:1)
  A giant cockroach (D:2)
  14 goblins
  9 hobgoblins
  2 jackals (D:1)
  A quokka (D:2)
  2 ball pythons (D:1)
  10 kobolds
  2 rats
50 creatures vanquished.

Vanquished Creatures (others)
  A goblin (D:2)
1 creature vanquished.

Grand Total: 51 creatures vanquished

Notes
Turn   | Place    | Note
-------+----------+-------------------------------------------
     0 | D:1      | LnG the Hill Orc Fighter began the quest for the Orb.
     0 | D:1      | Reached XP level 1. HP: 19/19 MP: 1/1
   200 | D:1      | Reached XP level 2. HP: 27/27 MP: 2/2
   610 | D:1      | Reached XP level 3. HP: 28/33 MP: 3/3
  1118 | D:2      | Found a faded altar of an unknown god.
  1133 | D:2      | Found a shimmering blue altar of Sif Muna.
  1526 | D:1      | Reached XP level 4. HP: 36/40 MP: 4/4
  1720 | D:2      | Noticed Robin
  1740 | D:2      | HP: 1/40 [Robin/+0 dagger (3)]
  1740 | D:2      | Killed from afar by Robin

Illustrated notes

Levels and vault maps discovered:
D:1:      scummos_arrival_simple_fountains, layout_basic
D:2:      layout_basic, basic_altar, ebering_ecumenical_altar_sacrificial,
          uniq_robin

Skill      XL: |  1  2  3  4 |
---------------+-------------+-----
Fighting       | 4 |  4.2
Axes           | 3 4 |  4.6
Armour         | 4 |  4.0
Dodging        | |  0.2
Stealth        | |  0.1
Shields        | |  3.6

Action                   |  1- 3 |  4- 6 || total
-------------------------+-------+-------++-------
Melee: War axe           |    80 |    30 ||   110
Armor: Scale mail        |    45 |    22 ||    67
Dodge: Dodged            |    36 |    16 ||    52
Block: Buckler           |    20 |    11 ||    31

Table legend: (Time is in decaauts)
 A = Elapsed time spent in this place.
 B = Non-inter-level travel time spent in this place.
 C = Inter-level travel time spent in this place.
 D = Time resting spent in this place.
 E = Time spent auto-exploring this place.
 F = Levels seen in this place.
 G = Mean time per level.
                   A        B        C        D        E       F      G
               +--------+--------+--------+--------+--------+-----+--------+
         Total |   1782 |   1758 |     24 |    362 |   1068 |   2 |  891.0 |
       Dungeon |   1782 |   1758 |     24 |    362 |   1068 |   2 |  891.0 |
               +--------+--------+--------+--------+--------+-----+--------+

Top non-repeatable levels by time:
     D:1: 1443 daAuts
     D:2: 338 daAuts
